 Dungeon Crawl Stone Soup version 0.20-a0-1016-g241539b (webtiles) character file.

24299 Patate the Unseen (level 12, -2/51 HPs)
             Began as a Spriggan Enchanter on Apr 15, 2017.
             Was the Champion of Okawaru.
             Slain by a six-headed hydra (3 damage)
             ... on level 4 of the Lair of Beasts on Apr 16, 2017.
             The game lasted 01:13:16 (16661 turns).

Patate the Unseen (Spriggan Enchanter)             Turns: 16661, Time: 01:13:19

Health: -2/51      AC:  4    Str: 11    XL:     12   Next: 79%
Magic:  20/27      EV: 23    Int: 19    God:    Okawaru [******]
Gold:   855        SH:  0    Dex: 18    Spells: 25/31 levels left

rFire    . . .     SeeInvis +   N - +4 rapier of the Tired Deaths {freeze, rPois}
rCold    + + .     Gourm    .   (shield restricted)
rNeg     . . .     Faith    .   b - +0 robe
rPois    +         Spirit   .   E - +2 hat {Int+3}
rElec    +         Reflect  .   C - scarf {rC+}
rCorr    +         Harm     .   (gloves unavailable)
MR       +....                  (boots unavailable)
Stlth    +++++++...             f - amulet of regeneration
Regen    0.6/turn               G - ring of resist corrosion
MPRegen  0.2/turn               P - ring of Elyvilon's Benevolence {+Fly rElec rC+ MR- Str+3}

@: very quick
A: unfitting armour, see invisible, herbivore 3, speed 3, slow metabolism 2
a: Heroism, Finesse, Renounce Religion, Evoke Flight


You were on level 4 of the Lair of Beasts.
You worshipped Okawaru.
Okawaru was exalted by your worship.
You were very hungry.

You visited 3 branches of the dungeon, and saw 16 of its levels.

You collected 855 gold pieces.

Inventory:

Hand Weapons
 N - the +4 rapier of the Tired Deaths (weapon) {freeze, rPois}
   (Okawaru gifted it to you on level 11 of the Dungeon)

   It has been specially enchanted to freeze those struck by it, causing extra
   injury to most foes and up to half again as much damage against particularly
   susceptible opponents.
   It can also slow down cold-blooded creatures.
   It protects you from poison.
 R - a +0 dagger of venom
Armour
 b - a +0 robe (worn)
 C - a scarf of cold resistance (worn)
 E - a +2 hat of intelligence (worn)
Jewellery
 f - an amulet of regeneration (around neck)
 G - a ring of resist corrosion (left hand)
 P - the ring of Elyvilon's Benevolence (right hand) {+Fly rElec rC+ MR- Str+3}
   (You found it on level 1 of the Lair of Beasts)

   [ring of flight]

   It affects your strength (+3).
   It protects you from cold.
   It insulates you from electricity.
   It affects your resistance to hostile enchantments.
   It lets you fly.
Wands
 v - a wand of digging (8/24)
Scrolls
 e - 4 scrolls of fog
 j - 6 scrolls of teleportation
 k - 5 scrolls of blinking
 n - 14 scrolls of remove curse
 r - 2 scrolls of recharging
 s - 3 scrolls of enchant weapon {unknown}
 x - 3 scrolls of enchant armour {unknown}
 y - 5 scrolls of magic mapping
 D - a scroll of torment {unknown}
 H - 2 scrolls of identify
 I - 3 scrolls of fear {unknown}
 J - a scroll of amnesia {unknown}
Potions
 g - 5 potions of ambrosia
 h - 2 potions of berserk rage
 l - 3 potions of mutation
 m - 3 potions of lignification
 q - a potion of might
 t - a potion of haste
 u - 3 potions of invisibility
 w - a potion of magic
 z - 2 potions of agility
 A - 8 potions of curing
 B - a potion of brilliance
 F - 3 potions of heal wounds
 K - 2 potions of flight
 L - 2 potions of cancellation
Books
 a - a Young Poisoner's Handbook

   Spells                             Type                      Level
   a - Sting                          Conjuration/Poison           1
   b - Poisonous Vapours              Poison/Air                   2
   c - Mephitic Cloud                 Conjuration/Poison/Air       3
   d - Olgreb's Toxic Radiance        Poison                       4
   e - Venom Bolt                     Conjuration/Poison           5
 c - a book of Maledictions

   Spells                             Type                      Level
   a - Corona                         Hexes                        1
   b - Ensorcelled Hibernation        Hexes/Ice                    2
   c - Confuse                        Hexes                        3
   d - Tukima's Dance                 Hexes                        3
   e - Dazzling Spray                 Conjuration/Hexes            3
 M - a book of Geomancy

   Spells                             Type                      Level
   a - Sandblast                      Earth                        1
   b - Passwall                       Transmutation/Earth          2
   c - Stone Arrow                    Conjuration/Earth            3
   d - Petrify                        Transmutation/Earth          4
   e - Lee's Rapid Deconstruction     Earth                        5
Comestibles
 d - 5 royal jellies
 o - 11 bread rations
 Q - 6 fruits


   Skills:
 + Level 11.4 Short Blades
 - Level 7.1 Dodging
 - Level 18.4 Stealth
 - Level 10.1 Spellcasting
 - Level 13.2 Hexes


You had 25 spell levels left.
You knew the following spells:

 Your Spells              Type           Power        Failure   Level  Hunger
a - Corona                Hex            ######.      1%          1    None
b - Ensorcelled Hibernat  Hex/Ice        ####..       1%          2    None
c - Confuse               Hex            ######..     1%          3    None


Dungeon Overview and Level Annotations

Branches:
Dungeon (11/15)            Temple (1/1) D:4            Lair (4/6) D:9
  Swamp (0/4) Lair:3          Orc (0/2) D:10
  Snake: Lair:2-4    Spider: Lair:2-4

Altars:
Ashenzari
Cheibriados
Dithmenos
Elyvilon
Fedhas
Gozag
Hepliaklqana
Kikubaaqudgha
Makhleb
Nemelex Xobeh
Okawaru
Qazlal
Ru
Sif Muna
Trog
Uskayaw
Vehumet
Wu Jian
Xom
Yredelemnul
Zin
The Shining One

Shops:
D:7 *   D:8 [

Annotations:
D:8 cirnu's ghost, novice DsFi
Lair:1 exclusion: oklob plant
Lair:3 exclusion: ice statue


Innate Abilities, Weirdness & Mutations

You are very small and have problems with some larger weapons.
You are too small for most types of armour.
You have supernaturally acute eyesight. (SInv)
You are a herbivore.
You cover ground extremely quickly.
You need consume almost no food.


Message History

Aiming: Ensorcelled Hibernation
Press: ? - help, Shift-Dir - straight line, f/p - six-headed hydra
Aim: a six-headed hydra (chance to defeat MR: 28%)
The six-headed hydra looks drowsy...
The black mamba bites you! The black mamba misses you.
The six-headed hydra roars!
You hit the six-headed hydra.
The six-headed hydra seems to slow down.
You freeze the six-headed hydra.
The six-headed hydra is lightly wounded.
The black mamba completely misses you.
The six-headed hydra completely misses you.
The six-headed hydra closely misses you.
The six-headed hydra bites you!
* * * LOW HITPOINT WARNING * * *
The six-headed hydra completely misses you.
The six-headed hydra bites you!
* * * LOW HITPOINT WARNING * * *
The six-headed hydra bites you.
You die...

#.....#....†.##
#......###.#^..#
......P##
####..# ......##
##.## .......#
#..# ...#..###
###.#
#...#.###.#.#
........
#.#...S....##
.......#
#....@###.#
.......##
#...D..####
......S.#
##...####
.......###....#
#...D..##....#
#......##...#.#
#P..#.....###
#P.........#
##.#....##.#


You could see a six-headed hydra and a black mamba.

Vanquished Creatures
  Gastronok (Lair:1)
  4 hydras
  An ice dragon (Lair:3)
  3 two-headed ogres
  A death yak (D:9)
  A cyclops (D:11)
  The ghost of cirnu the Chopper, a novice DsFi of Hepliaklqana (D:6)
  A manticore (D:10)
  Joseph (Lair:1)
  A black mamba (Lair:3)
  8 spiny frogs
  2 komodo dragons (Lair:2)
  A rime drake (Lair:3)
  3 polar bears (Lair:3)
  4 hippogriffs
  A spriggan (D:8)
  3 wyverns
  10 yaks
  2 basilisks
  A warg (D:10)
  3 insubstantial wisps (Lair:3)
  An acid dragon (D:11)
  5 water moccasins
  3 porcupines (Lair:1)
  4 orc warriors
  2 black bears (D:7)
  6 ice beasts
  2 phantoms
  4 ogres
  3 sky beasts
  A necrophage (D:10)
  2 centaurs
  11 wolves
  5 crocodiles
  Blork the orc (D:4)
  8 bullfrogs
  A wyvern zombie (D:9)
  3 scorpions
  13 killer bees
  4 wights
  A crimson imp (D:6)
  2 centaur zombies
  10 howler monkeys
  2 jellies
  2 gnoll shamans
  4 orc priests
  4 hounds
  2 centaur skeletons
  6 orc wizards
  3 iguanas
  9 worker ants
  A worker ant zombie (D:5)
  8 gnolls
  3 river rats
  16 adders
  A shadow imp (D:11)
  A white imp (Lair:3)
  An ooze (D:7)
  An adder zombie (D:5)
  2 adder skeletons
  2 worms
  3 leopard geckos
  28 orcs
  A ball python (D:4)
  3 giant cockroaches
  10 goblins
  8 hobgoblins
  18 jackals
  2 quokkas
  A ball python skeleton (D:4)
  9 bats
  5 frilled lizards
  A jackal skeleton (D:5)
  9 kobolds
  3 leopard gecko skeletons
  A quokka zombie (D:5)
  6 rats
321 creatures vanquished.

Vanquished Creatures (others)
  A fungus (Lair:3)
  2 plants
3 creatures vanquished.

Grand Total: 324 creatures vanquished

Notes
Turn   | Place    | Note
-------+----------+-------------------------------------------
     0 | D:1      | Patate the Spriggan Enchanter began the quest for the Orb.
     0 | D:1      | Reached XP level 1. HP: 9/9 MP: 5/5
   158 | D:1      | Reached skill level 5 in Stealth
   701 | D:1      | Reached XP level 2. HP: 13/13 MP: 6/6
   705 | D:1      | Learned a level 2 spell: Ensorcelled Hibernation
  1299 | D:1      | Reached skill level 6 in Stealth
  1623 | D:1      | Reached XP level 3. HP: 8/16 MP: 8/8
  2153 | D:2      | Reached skill level 7 in Stealth
  2368 | D:2      | Found an opulent altar of Gozag.
  2434 | D:2      | Found a glowing golden altar of the Shining One.
  2608 | D:2      | Reached XP level 4. HP: 21/21 MP: 9/9
  2779 | D:3      | Found an opulent altar of Gozag.
  3484 | D:4      | Found a glowing drain.
  3543 | D:3      | Learned a level 3 spell: Confuse
  3612 | D:3      | Reached skill level 5 in Dodging
  3612 | D:3      | Reached XP level 5. HP: 24/24 MP: 6/10
  3682 | D:4      | Found a staircase to the Ecumenical Temple.
  3688 | Temple   | Entered the Ecumenical Temple
  4276 | D:4      | Noticed an ogre
  4328 | D:4      | Reached XP level 6. HP: 26/28 MP: 4/13
  4392 | D:4      | Reached skill level 5 in Spellcasting
  4515 | D:4      | Noticed Blork the orc
  4758 | D:4      | Killed Blork the orc
  4806 | D:4      | Reached XP level 7. HP: 29/32 MP: 13/17
  5025 | D:5      | Entered Level 5 of the Dungeon
  5813 | D:6      | Noticed cirnu's ghost (novice DsFi)
  5848 | D:6      | Killed cirnu's ghost
  5848 | D:6      | Reached skill level 10 in Spellcasting
  5848 | D:6      | Reached XP level 8. HP: 36/36 MP: 13/23
  6092 | D:6      | Found an iron altar of Okawaru.
  6122 | D:6      | Became a worshipper of Warmaster Okawaru
  6131 | D:6      | Found an iron altar of Okawaru.
  6720 | D:6      | Reached skill level 5 in Short Blades
  6805 | D:6      | Found a shattered altar of Ashenzari.
  6964 | D:7      | Reached skill level 8 in Stealth
  7188 | D:7      | Reached skill level 9 in Stealth
  7206 | D:7      | Reached * piety under Okawaru
  7210 | D:7      | Reached XP level 9. HP: 33/39 MP: 18/24
  7313 | D:7      | Reached skill level 10 in Stealth
  7499 | D:7      | Reached skill level 11 in Stealth
  7572 | D:7      | Found Jubaong's Assorted Antiques.
  7752 | D:7      | Found a shadowy altar of Dithmenos.
  8031 | D:8      | Noticed a two-headed ogre
  8032 | D:8      | Noticed cirnu's ghost (novice DsFi)
  8106 | D:8      | Found a hide-covered altar of Uskayaw.
  8109 | D:8      | Found a white marble altar of Elyvilon.
  8109 | D:8      | Found a basalt altar of Yredelemnul.
  8112 | D:8      | Found an ancient bone altar of Kikubaaqudgha.
  8120 | D:8      | Reached skill level 12 in Stealth
  8130 | D:8      | Reached ** piety under Okawaru
  8199 | D:8      | Reached skill level 13 in Stealth
  8293 | D:8      | Killed a two-headed ogre
  8293 | D:8      | Reached *** piety under Okawaru
  8293 | D:8      | Reached skill level 14 in Stealth
  8513 | D:8      | Found Paecw's Armour Boutique.
  8601 | D:8      | Reached skill level 15 in Stealth
  8668 | D:8      | Reached XP level 10. HP: 36/44 MP: 15/25
  8853 | D:9      | Noticed a death yak
  8856 | D:9      | Found a staircase to the Lair.
  8857 | D:9      | Noticed a death yak
  8859 | D:9      | Noticed a death yak
  8861 | D:9      | Killed a death yak
  8958 | D:9      | Reached skill level 16 in Stealth
  9470 | D:9      | Noticed a two-headed ogre
  9473 | D:9      | Killed a two-headed ogre
  9473 | D:9      | Reached **** piety under Okawaru
  9473 | D:9      | Received a gift from Okawaru
  9473 | D:9      | Reached skill level 17 in Stealth
 10179 | D:10     | Entered Level 10 of the Dungeon
 10213 | D:10     | Noticed a manticore
 10215 | D:10     | Killed a manticore
 10406 | D:10     | Reached ***** piety under Okawaru
 10489 | D:10     | Found a staircase to the Orcish Mines.
 10674 | D:10     | Noticed a two-headed ogre
 10680 | D:10     | Killed a two-headed ogre
 10680 | D:10     | Reached XP level 11. HP: 47/47 MP: 17/26
 11190 | D:10     | Reached skill level 5 in Hexes
 12221 | D:11     | Received a gift from Okawaru
 12224 | D:11     | Got a crystal rapier {god gift}
 12225 | D:11     | Identified the +4 rapier of the Tired Deaths {freeze, rPois} (Okawaru gifted it to you on level 11 of the Dungeon)
 12282 | D:11     | Upgraded the game from 0.20-a0-1009-gc986637 to 0.20-a0-1016-g241539b
 12561 | Lair:1   | Entered Level 1 of the Lair of Beasts
 12650 | Lair:1   | Noticed an oklob plant
 12935 | Lair:1   | Noticed Gastronok
 12966 | Lair:1   | Killed Gastronok
 12966 | Lair:1   | Reached skill level 10 in Hexes
 13259 | Lair:1   | Noticed Joseph
 13272 | Lair:1   | Killed Joseph
 13272 | Lair:1   | Reached ****** piety under Okawaru
 13530 | Lair:1   | Noticed a five-headed hydra
 13534 | Lair:1   | Received a gift from Okawaru
 13545 | Lair:1   | Killed a five-headed hydra
 13545 | Lair:1   | Reached XP level 12. HP: 38/51 MP: 22/27
 13583 | Lair:1   | Got an ancient brass ring
 13586 | Lair:1   | Identified the ring of Elyvilon's Benevolence {+Fly rElec rC+ MR- Str+3} (You found it on level 1 of the Lair of Beasts)
 14222 | Lair:2   | Noticed a death yak
 14223 | Lair:2   | Noticed a death yak
 14224 | Lair:2   | Noticed a death yak
 14225 | Lair:2   | Noticed a death yak
 14514 | Lair:2   | Noticed a six-headed hydra
 14521 | Lair:2   | Killed a six-headed hydra
 15002 | Lair:3   | Noticed a seven-headed hydra
 15006 | Lair:3   | Killed a seven-headed hydra
 15310 | Lair:3   | Found a staircase to the Swamp.
 15315 | Lair:3   | Reached skill level 10 in Short Blades
 15550 | Lair:3   | Noticed an ice dragon
 15699 | Lair:3   | Reached skill level 18 in Stealth
 15877 | Lair:3   | Killed an ice dragon
 15877 | Lair:3   | Received a gift from Okawaru
 16311 | Lair:4   | Noticed a four-headed hydra
 16319 | Lair:4   | Killed a four-headed hydra
 16634 | Lair:4   | Noticed a six-headed hydra
 16661 | Lair:4   | HP: 1/51 [six-headed hydra (14)]
 16661 | Lair:4   | Slain by a six-headed hydra

Vault maps used:
D:1:      saegor_arrival_under_anarchy, serial_bayou_pond_b
D:2:      lemuel_round_altar, tso_altar
D:3:      first_bread, minmay_door_square, nicolae_gozag_seed_capital
D:4:      temple_green, cheibrodos_sewer_entry_sluice, uniq_blork_the_orc
D:5:      hangedman_abyss_or_decor_stagger, supply_closet_lemuel
D:6:      kennysheep_mini_moat, okawaru_ov_weapons_minmay, basic_altar,
          minmay_parallelograms
D:7:      grunt_dithmenos_shadows, serial_shops, shop_fountains
D:8:      grunt_temple_overflow_open, serial_shops, shop_fountains, the_bakery,
          grunt_ministairs_10, minmay_misc_feat_iff
D:9:      dpeg_lair_monsters
D:10:     david_orc_1_choice, minmay_misc_feat_chi
Temple:   oiseaux_autumnal_temple
Lair:1:   cheibrodos_lair_river_kwai, minmay_lair_oklob_bushes,
          grunt_megastairs_4, uniq_joseph, uniq_gastronok
Lair:2:   beast_lair_carwin_large_1, st_stairs_11
Lair:3:   minmay_swamp_entry_wisps, ice2_lemuel
Lair:4:   pond_and_an_island_with_a_cottage, guppyfry_snake_entry_garden,
          lemuel_fruit_fields

Skill      XL: |  1  2  3  4  5  6  7  8  9 10 11 12 |
---------------+-------------------------------------+-----
Stealth        | 5 6 7 9 15 17 18 | 18.4
Dodging        | 5 6 7 |  7.1
Spellcasting   | 4 6 10 | 10.1
Short Blades   | 5 9 11 | 11.4
Hexes          | 11 13 | 13.2

Action                   |  1- 3 |  4- 6 |  7- 9 | 10-12 || total
-------------------------+-------+-------+-------+-------++-------
Melee: Dagger            |   300 |   191 |   367 |   330 ||  1188
       Rapier            |       |       |       |   217 ||   217
 Cast: Ensorcelled Hiber |    18 |    31 |    78 |   189 ||   316
       Confuse           |       |     1 |    18 |    39 ||    58
Evoke: Wand              |       |       |       |     1 ||     1
  Use: Scroll            |     1 |     8 |     4 |     9 ||    22
 Stab: Sleeping          |    14 |    25 |    54 |   116 ||   209
       Confused          |       |       |     9 |    16 ||    25
       Distracted        |       |       |       |     2 ||     2
  Eat: Bread ration      |       |     1 |       |       ||     1
       Royal jelly       |       |       |     1 |     1 ||     2
       Fruit             |       |       |       |     5 ||     5
Armor: Robe              |    39 |    15 |    33 |    23 ||   110
Dodge: Dodged            |   308 |   147 |   303 |   450 ||  1208
